| TOP OF THE 1ST |
|
Johnson City Cardinals batting - Pitching for Miami (APP) Marlins : LHP Melvin Castro
|
|
Pitching: LHP Melvin Castro
|
|
|
Batting: SHB Hank Arias
|
0-0: Ball 1-0: Foul Ball, location: 2F 1-1: Ball 2-1: Ball 3-1: SINGLE (Groundball, 56S, EV 64.4 MPH) (infield hit)
|
|
Batting: RHB Austin Akers
|
0-0: Ball 1-0: TRIPLE (Line Drive, 9LD, EV 111.9 MPH) Hank Arias scores
|
|
Batting: RHB Chris Norris
|
0-0: Called Strike 0-1: SINGLE (Line Drive, 6D, EV 95.6 MPH) Austin Akers scores
|
|
Batting: RHB Richard Riggs
|
0-0: Swinging Strike 0-1: Ball 1-1: Ball 2-1: Foul Ball, location: 2F 2-2: Ball 3-2: Fly out, F7 (Line Drive, 7, EV 96.3 MPH)
|
|
Batting: RHB Josh Broome
|
0-0: Fly out, F3 (Popup, 3SF, EV 80.6 MPH)
|
|
Batting: RHB Chris Jones
|
0-0: Called Strike 0-1: Swinging Strike 0-2: Ball 1-2: Ball 2-2: Fly out, F7 (Line Drive, 7, EV 91.9 MPH)
|
| Top of the 1st over - 2 runs, 3 hits, 0 errors, 1 left on base; Johnson City 2 - Miami (APP) 0 |
| BOTTOM OF THE 1ST |
|
Miami (APP) Marlins batting - Pitching for Johnson City Cardinals : LHP Tsugunosuke Murakami
|
|
Pitching: LHP Tsugunosuke Murakami
|
|
|
Batting: RHB Jason Thrash
|
0-0: Ball 1-0: Called Strike 1-1: Ball 2-1: Foul Ball, location: 2F 2-2: Strikes out swinging
|
|
Batting: RHB Keith Bennett
|
0-0: Ball 1-0: Ball 2-0: Called Strike 2-1: Ball 3-1: Foul Ball, location: 2F 3-2: Foul Ball, location: 2F 3-2: SINGLE (Groundball, 4D, EV 104.4 MPH)
|
|
Batting: RHB Mario Cota
|
0-0: Foul Ball, location: 2F 0-1: Called Strike 0-2: Ball 1-2: Strikes out swinging
|
|
Batting: SHB Matt Moore
|
0-0: Called Strike 0-1: Called Strike 0-2: Foul Ball, location: 2F 0-2: Fielders Choice at 2nd, 4-6 (Groundball, 6M, EV 88.8 MPH)
|
| Bottom of the 1st over - 0 runs, 1 hit, 0 errors, 1 left on base; Johnson City 2 - Miami (APP) 0 |
| TOP OF THE 2ND |
|
Johnson City Cardinals batting - Pitching for Miami (APP) Marlins : LHP Melvin Castro
|
|
Batting: RHB Herbert Loveless
|
0-0: Ball 1-0: Foul Ball, location: 2F 1-1: Ball 2-1: Reached on error, E6 (Groundball, 6, EV 81.3 MPH)
|
|
Batting: RHB Nate Allen
|
0-0: Swinging Strike 0-1: Ball 1-1: SINGLE (Groundball, 56D, EV 103.1 MPH) Herbert Loveless to third
|
|
Batting: RHB Sebastian Fisk
|
0-0: Ball 1-0: Ball 2-0: Ball 3-0: Called Strike 3-1: Called Strike 3-2: Base on Balls Nate Allen to second
|
|
Batting: SHB Hank Arias
|
0-0: Ball 1-0: SINGLE (Line Drive, 34D, EV 110.6 MPH) Herbert Loveless scores Nate Allen to third Sebastian Fisk to second
|
|
Batting: RHB Austin Akers
|
0-0: Foul Ball, location: 2F 0-1: Ball 1-1: Ball 2-1: Called Strike 2-2: Ball 3-2: Foul Ball, location: 2F 3-2: Fielders Choice at 2nd, 4-6 (Groundball, 4S, EV 80.0 MPH) Nate Allen scores Sebastian Fisk to third
|
|
Batting: RHB Chris Norris
|
0-0: Ball Pickoff Throw to First - Out! 1-3 1-0: Called Strike 1-1: Ball 2-1: Ground out U3 (Groundball, 3S, EV 93.1 MPH)
|
| Top of the 2nd over - 2 runs, 2 hits, 1 error, 1 left on base; Johnson City 4 - Miami (APP) 0 |
| BOTTOM OF THE 2ND |
|
Miami (APP) Marlins batting - Pitching for Johnson City Cardinals : LHP Tsugunosuke Murakami
|
|
Batting: RHB Adrian Bocker
|
0-0: Ball 1-0: Ball 2-0: Ball 3-0: Base on Balls
|
|
Batting: RHB Rick Knoblauch
|
0-0: Ball 1-0: Grounds into double play, 6-4-3 (Groundball, 6, EV 81.3 MPH)
|
|
Batting: LHB Gavrilo Brkic
|
0-0: Foul Ball, location: 2F 0-1: Fly out, F7 (Line Drive, 7, EV 105.0 MPH)
|
| Bottom of the 2nd over - 0 runs, 0 hits, 0 errors, 0 left on base; Johnson City 4 - Miami (APP) 0 |
| TOP OF THE 3RD |
|
Johnson City Cardinals batting - Pitching for Miami (APP) Marlins : LHP Melvin Castro
|
|
Batting: RHB Richard Riggs
|
0-0: Ball 1-0: Ball 2-0: Ball 3-0: Base on Balls
|
|
Batting: RHB Josh Broome
|
0-0: Ball 1-0: Ball 2-0: Foul Ball, location: 2F 2-1: Fly out, F8 (Flyball, 8LXD, EV 85.6 MPH)
|
|
Batting: RHB Chris Jones
|
0-0: Called Strike Richard Riggs steals 2nd base 0-1: Ball 1-1: Foul Ball, location: 2F 1-2: Strikes out swinging
|
|
Batting: RHB Herbert Loveless
|
0-0: Ball 1-0: Ball 2-0: DOUBLE (Flyball, 89XD, EV 100.0 MPH) Richard Riggs scores
|
|
Batting: RHB Nate Allen
|
0-0: Ball 1-0: DOUBLE (Line Drive, 9LD, EV 105.6 MPH) Herbert Loveless scores
|
|
Batting: RHB Sebastian Fisk
|
0-0: Ball 1-0: Called Strike 1-1: Foul Ball, location: 2F 1-2: Foul Ball, location: 2F 1-2: Ground out 6-3 (Groundball, 6S, EV 81.9 MPH)
|
| Top of the 3rd over - 2 runs, 2 hits, 0 errors, 1 left on base; Johnson City 6 - Miami (APP) 0 |
| BOTTOM OF THE 3RD |
|
Miami (APP) Marlins batting - Pitching for Johnson City Cardinals : LHP Tsugunosuke Murakami
|
|
Batting: SHB Jeremy Akande
|
0-0: Ground out 6-3 (Groundball, 6, EV 81.9 MPH)
|
|
Batting: LHB Bryan Wedge
|
0-0: Ball 1-0: Ball 2-0: Called Strike 2-1: Swinging Strike 2-2: Foul Ball, location: 2RF, Error on foul ball, E2 2-2: Foul Ball, location: 2F 2-2: Strikes out swinging
|
|
Batting: RHB Jason Thrash
|
0-0: Ball 1-0: DOUBLE (Flyball, 8LXD, EV 106.9 MPH)
|
|
Batting: RHB Keith Bennett
|
0-0: Reached via error on a dropped throw from SS, E3 (Groundball, 6, EV 86.9 MPH) Jason Thrash to third
|
|
Batting: RHB Mario Cota
|
0-0: Called Strike 0-1: Ball 1-1: SINGLE (Line Drive, 89M, EV 88.8 MPH) Jason Thrash scores Keith Bennett to second
|
|
Batting: SHB Matt Moore
|
0-0: Ball 1-0: Ball 2-0: Called Strike 2-1: Foul Ball, location: 2F 2-2: Strikes out swinging
|
| Bottom of the 3rd over - 1 run, 2 hits, 2 errors, 2 left on base; Johnson City 6 - Miami (APP) 1 |
| TOP OF THE 4TH |
|
Johnson City Cardinals batting - Pitching for Miami (APP) Marlins : LHP Melvin Castro
|
|
Batting: SHB Hank Arias
|
0-0: Called Strike 0-1: Foul Ball, location: 2F 0-2: Fly out, F7 (Flyball, 7D, EV 93.1 MPH)
|
|
Batting: RHB Austin Akers
|
0-0: Ball 1-0: Called Strike 1-1: SINGLE (Line Drive, 4MD, EV 98.8 MPH)
|
|
Pitching: RHP Matt Alexander
|
|
|
Batting: RHB Chris Norris
|
0-0: Ball Austin Akers steals 2nd, throwing error, E2 Austin Akers to third 1-0: Called Strike 1-1: Ball 2-1: Fly out, F8 (Line Drive, 8RM, EV 96.9 MPH) Runner from 3rd tags up, SCORES, throw by CF
|
|
Batting: RHB Richard Riggs
|
0-0: Called Strike 0-1: Ball 1-1: Ball 2-1: SINGLE (Line Drive, 8LM, EV 96.3 MPH)
|
|
Batting: RHB Josh Broome
|
0-0: Called Strike 0-1: Swinging Strike 0-2: Strikes out swinging
|
| Top of the 4th over - 1 run, 2 hits, 1 error, 1 left on base; Johnson City 7 - Miami (APP) 1 |
| BOTTOM OF THE 4TH |
|
Miami (APP) Marlins batting - Pitching for Johnson City Cardinals : LHP Tsugunosuke Murakami
|
|
Batting: RHB Adrian Bocker
|
0-0: Called Strike 0-1: Ball 1-1: Foul Ball, location: 2F 1-2: Foul Ball, location: 2F 1-2: Ball 2-2: Strikes out swinging
|
|
Batting: RHB Rick Knoblauch
|
0-0: Ball 1-0: Ball 2-0: Called Strike 2-1: Foul Ball, location: 2F 2-2: Strikes out swinging
|
|
Batting: LHB Gavrilo Brkic
|
0-0: Called Strike 0-1: Ball 1-1: Called Strike 1-2: Ball 2-2: Ball 3-2: Ground out 1-3 (Groundball, 13S, EV 64.4 MPH)
|
| Bottom of the 4th over - 0 runs, 0 hits, 0 errors, 0 left on base; Johnson City 7 - Miami (APP) 1 |
| TOP OF THE 5TH |
|
Johnson City Cardinals batting - Pitching for Miami (APP) Marlins : RHP Matt Alexander
|
|
Batting: RHB Chris Jones
|
0-0: Ball 1-0: Ball 2-0: Ball 3-0: Base on Balls
|
|
Batting: RHB Herbert Loveless
|
0-0: Foul Ball, location: 2F 0-1: Ball 1-1: Ball Passed Ball! Chris Jones to second 2-1: Called Strike 2-2: Foul Ball, location: 2F 2-2: Strikes out looking
|
|
Pitching: LHP Tyler Murders
|
|
|
Batting: RHB Nate Allen
|
0-0: Swinging Strike 0-1: Swinging Strike Passed Ball! Chris Jones to third 0-2: Ball 1-2: Ball 2-2: Ball 3-2: Foul Ball, location: 2F 3-2: SINGLE (Line Drive, 89S, EV 109.4 MPH) Chris Jones scores
|
|
Batting: RHB Sebastian Fisk
|
0-0: 2-RUN HOME RUN (Flyball, 8LXD, EV 116.3 MPH), Distance : 446 ft
|
|
Batting: SHB Hank Arias
|
0-0: Ball 1-0: Ball 2-0: Ball 3-0: Called Strike 3-1: Swinging Strike 3-2: Base on Balls
|
|
Batting: RHB Austin Akers
|
0-0: Ball 1-0: SINGLE (Line Drive, 89S, EV 86.9 MPH) Hank Arias to second
|
|
Batting: RHB Chris Norris
|
0-0: Ball 1-0: Ball 2-0: Ball 3-0: Base on Balls Hank Arias to third Austin Akers to second
|
|
Batting: RHB Richard Riggs
|
0-0: Called Strike 0-1: Ball 1-1: Ball 2-1: Ball 3-1: Base on Balls Hank Arias scores Austin Akers to third Chris Norris to second
|
|
Pitching: LHP Mike Wasson
|
|
|
Batting: RHB Josh Broome
|
0-0: Ball 1-0: Foul Ball, location: 2F 1-1: Ball 2-1: SINGLE (Groundball, 6MD, EV 104.4 MPH) Austin Akers scores Chris Norris to third Richard Riggs to second Runner from 3rd tries for Home, SAFE, throw by CF to home
|
|
Batting: RHB Chris Jones
|
0-0: Ball 1-0: Ball 2-0: Ball 3-0: Called Strike 3-1: Swinging Strike 3-2: SINGLE (Line Drive, 7S, EV 92.5 MPH) Richard Riggs to third Josh Broome to second
|
|
Batting: RHB Herbert Loveless
|
0-0: Ball 1-0: Ball 2-0: Fly out, F5 (Line Drive, 5, EV 66.9 MPH)
|
|
Batting: RHB Nate Allen
|
0-0: Ball 1-0: Ball 2-0: Ball 3-0: Base on Balls Richard Riggs scores Josh Broome to third Chris Jones to second
|
|
Batting: RHB Sebastian Fisk
|
0-0: Ball 1-0: Foul Ball, location: 2F 1-1: Foul Ball, location: 2F 1-2: Ball 2-2: Strikes out swinging
|
| Top of the 5th over - 7 runs, 5 hits, 0 errors, 3 left on base; Johnson City 14 - Miami (APP) 1 |
| BOTTOM OF THE 5TH |
|
Miami (APP) Marlins batting - Pitching for Johnson City Cardinals : LHP Tsugunosuke Murakami
|
|
Batting: SHB Jeremy Akande
|
0-0: Called Strike 0-1: Ball 1-1: Called Strike 1-2: Strikes out swinging
|
|
Batting: LHB Bryan Wedge
|
0-0: Called Strike 0-1: Foul Ball, location: 2F 0-2: Strikes out looking
|
|
Batting: RHB Jason Thrash
|
0-0: Ball 1-0: SOLO HOME RUN (Flyball, 8RXD, EV 110.6 MPH), Distance : 434 ft
|
|
Batting: RHB Keith Bennett
|
0-0: Ball 1-0: Foul Ball, location: 2F 1-1: Swinging Strike 1-2: Ball 2-2: Foul Ball, location: 2F 2-2: Fly out, F8 (Flyball, 8RXD, EV 93.8 MPH)
|
| Bottom of the 5th over - 1 run, 1 hit, 0 errors, 0 left on base; Johnson City 14 - Miami (APP) 2 |
| TOP OF THE 6TH |
|
Johnson City Cardinals batting - Pitching for Miami (APP) Marlins : LHP Mike Wasson
|
|
Pitching: RHP Adam Brown
|
|
|
Batting: SHB Hank Arias
|
0-0: Ball 1-0: SINGLE (Line Drive, 6D, EV 110.0 MPH)
|
|
Batting: RHB Austin Akers
|
0-0: Called Strike 0-1: Swinging Strike 0-2: Foul Ball, location: 2F 0-2: Ball 1-2: DOUBLE (Line Drive, 89XD, EV 105.6 MPH) Hank Arias to third Runner from 3rd tries for Home, SAFE, throw by RF to home
|
|
Batting: RHB Chris Norris
|
0-0: Called Strike 0-1: Fly out, F8 (Line Drive, 8RM, EV 90.6 MPH)
|
|
Batting: RHB Richard Riggs
|
0-0: Ball 1-0: SINGLE (Groundball, 34S, EV 73.1 MPH) (infield hit) Austin Akers to third
|
|
Batting: RHB Josh Broome
|
0-0: Ball 1-0: Fielders Choice at 2nd, 1-4 (Groundball, 15S, EV 63.8 MPH)
|
|
Batting: RHB Chris Jones
|
0-0: Called Strike 0-1: Foul Ball, location: 2F 0-2: Foul Ball, location: 2F 0-2: Ball 1-2: Strikes out looking
|
| Top of the 6th over - 1 run, 3 hits, 0 errors, 2 left on base; Johnson City 15 - Miami (APP) 2 |
| BOTTOM OF THE 6TH |
|
Miami (APP) Marlins batting - Pitching for Johnson City Cardinals : LHP Tsugunosuke Murakami
|
|
Batting: RHB Mario Cota
|
0-0: Swinging Strike 0-1: Ball 1-1: Ball 2-1: Called Strike 2-2: Foul Ball, location: 2F 2-2: Strikes out swinging
|
|
Batting: SHB Matt Moore
|
0-0: Called Strike 0-1: Fly out, F4 (Popup, 34, EV 57.5 MPH)
|
|
Batting: RHB Adrian Bocker
|
0-0: Ball 1-0: Ball 2-0: Ball 3-0: Base on Balls
|
|
Pitching: LHP Sean Cerna
|
|
|
Batting: RHB Rick Knoblauch
|
0-0: Ball 1-0: Ball 2-0: DOUBLE (Line Drive, 89D, EV 111.9 MPH) Adrian Bocker to third
|
|
Batting: LHB Gavrilo Brkic
|
0-0: Called Strike 0-1: Ball 1-1: Hit by Pitch
|
|
Batting: SHB Jeremy Akande
|
0-0: Ball Wild Pitch! Adrian Bocker scores Rick Knoblauch to third Gavrilo Brkic to second 1-0: Swinging Strike 1-1: Ball 2-1: Ball Wild Pitch! Rick Knoblauch scores Gavrilo Brkic to third 3-1: Swinging Strike 3-2: Ground out 3-1 (Groundball, 34, EV 83.1 MPH)
|
| Bottom of the 6th over - 2 runs, 1 hit, 0 errors, 1 left on base; Johnson City 15 - Miami (APP) 4 |
| TOP OF THE 7TH |
|
Johnson City Cardinals batting - Pitching for Miami (APP) Marlins : RHP Adam Brown
|
|
Batting: RHB Herbert Loveless
|
0-0: Swinging Strike 0-1: Ball 1-1: SINGLE (Groundball, 4MD, EV 106.3 MPH)
|
|
Batting: RHB Nate Allen
|
0-0: Swinging Strike 0-1: Called Strike 0-2: Ball 1-2: Foul Ball, location: 2F 1-2: Ball 2-2: Foul Ball, location: 2F 2-2: Foul Ball, location: 2F 2-2: Fielders Choice at 2nd, 3-6 (Groundball, 3S, EV 76.9 MPH)
|
|
Batting: RHB Sebastian Fisk
|
0-0: Ball 1-0: Swinging Strike 1-1: Ball 2-1: Ball 3-1: Base on Balls Nate Allen to second
|
|
Batting: SHB Hank Arias
|
0-0: Ball Wild Pitch! Nate Allen to third Sebastian Fisk to second 1-0: Ball 2-0: Ball 3-0: Base on Balls
|
|
Batting: RHB Austin Akers
|
0-0: Fly out, F5 (Line Drive, 6, EV 66.9 MPH)
|
|
Batting: RHB Chris Norris
|
0-0: Ground out 4-3 (Groundball, 4, EV 100.6 MPH)
|
| Top of the 7th over - 0 runs, 1 hit, 0 errors, 3 left on base; Johnson City 15 - Miami (APP) 4 |
| BOTTOM OF THE 7TH |
|
Miami (APP) Marlins batting - Pitching for Johnson City Cardinals : LHP Sean Cerna
|
|
Batting: LHB Bryan Wedge
|
0-0: Called Strike 0-1: Swinging Strike 0-2: Ball 1-2: Foul Ball, location: 2F 1-2: Ball 2-2: Strikes out swinging
|
|
Batting: RHB Jason Thrash
|
0-0: Swinging Strike 0-1: DOUBLE (Line Drive, 9LM, EV 96.3 MPH)
|
|
Batting: RHB Keith Bennett
|
0-0: Ball Wild Pitch! Jason Thrash to third 1-0: Ball 2-0: Ball 3-0: Called Strike 3-1: Foul Ball, location: 2F 3-2: Fly out, F8 (Flyball, 8LM, EV 89.4 MPH)
|
|
Batting: RHB Mario Cota
|
0-0: Called Strike 0-1: Ground out 6-3 (Groundball, 6, EV 81.3 MPH)
|
| Bottom of the 7th over - 0 runs, 1 hit, 0 errors, 1 left on base; Johnson City 15 - Miami (APP) 4 |
| TOP OF THE 8TH |
|
Johnson City Cardinals batting - Pitching for Miami (APP) Marlins : RHP Adam Brown
|
|
Batting: RHB Richard Riggs
|
0-0: Foul Ball, location: 2F 0-1: Called Strike 0-2: Ball 1-2: Strikes out looking
|
|
Pinch Hitting: RHB Immel Kamuzu
|
0-0: DOUBLE (Line Drive, 89D, EV 107.5 MPH)
|
|
Batting: RHB Chris Jones
|
0-0: Ball 1-0: Ball 2-0: Foul Ball, location: 2F 2-1: Foul Ball, location: 2F 2-2: Ball 3-2: Foul Ball, location: 2F 3-2: Base on Balls
|
|
Batting: RHB Herbert Loveless
|
0-0: Ball 1-0: Foul Ball, location: 2F 1-1: Ball 2-1: Ball 3-1: Swinging Strike 3-2: Foul Ball, location: 2F 3-2: Base on Balls Immel Kamuzu to third Chris Jones to second
|
|
Batting: RHB Nate Allen
|
0-0: Foul Ball, location: 2F 0-1: Ball 1-1: Fielders Choice at 2nd, 6-4 (Groundball, 6, EV 88.8 MPH) Immel Kamuzu scores Chris Jones to third
|
|
Batting: RHB Sebastian Fisk
|
0-0: Ball 1-0: Ball 2-0: Called Strike 2-1: Ball 3-1: Foul Ball, location: 2F 3-2: Base on Balls Nate Allen to second
|
|
Batting: SHB Hank Arias
|
0-0: Ball 1-0: Ball 2-0: Ball 3-0: Base on Balls Chris Jones scores Nate Allen to third Sebastian Fisk to second
|
|
Batting: RHB Austin Akers
|
0-0: SINGLE (Line Drive, 34, EV 96.3 MPH) Nate Allen scores Sebastian Fisk to third Hank Arias to second Runner from 3rd tries for Home, SAFE, throw by RF to home
|
|
Batting: RHB Chris Norris
|
0-0: DOUBLE (Flyball, 78XD, EV 115.0 MPH) Hank Arias scores Austin Akers to third Runner from 3rd tries for Home, SAFE, throw by CF to trailing runner, SAFE at third!
|
|
Batting: RHB Richard Riggs
|
0-0: Ball 1-0: Swinging Strike 1-1: Called Strike 1-2: Ball 2-2: Strikes out swinging
|
| Top of the 8th over - 6 runs, 3 hits, 0 errors, 1 left on base; Johnson City 21 - Miami (APP) 4 |
| BOTTOM OF THE 8TH |
|
Miami (APP) Marlins batting - Pitching for Johnson City Cardinals : LHP Sean Cerna
|
|
Now at 3B: Immel Kamuzu
|
|
|
Batting: SHB Matt Moore
|
0-0: SOLO HOME RUN (Flyball, 78XD, EV 113.8 MPH), Distance : 436 ft
|
|
Batting: RHB Adrian Bocker
|
0-0: Ball 1-0: SINGLE (Line Drive, 6D, EV 93.8 MPH)
|
|
Batting: RHB Rick Knoblauch
|
0-0: Ball 1-0: Swinging Strike 1-1: Ball 2-1: Ball 3-1: Base on Balls Adrian Bocker to second
|
|
Batting: LHB Gavrilo Brkic
|
0-0: Bunted foul 0-1: Sac Bunt to 3S - play at first, batter OUT! 3-1 Adrian Bocker to third Rick Knoblauch to second
|
|
Pitching: RHP Jim Vickers
|
|
|
Batting: SHB Jeremy Akande
|
0-0: Ball 1-0: Ground out U3 (Groundball, 34, EV 80.0 MPH) Adrian Bocker scores Rick Knoblauch to third
|
|
Batting: LHB Bryan Wedge
|
0-0: Ball 1-0: Foul Ball, location: 2F 1-1: Ball 2-1: Foul Ball, location: 2F 2-2: Strikes out looking
|
| Bottom of the 8th over - 2 runs, 2 hits, 0 errors, 1 left on base; Johnson City 21 - Miami (APP) 6 |
| TOP OF THE 9TH |
|
Johnson City Cardinals batting - Pitching for Miami (APP) Marlins : RHP Adam Brown
|
|
Batting: RHB Immel Kamuzu
|
0-0: Foul Ball, location: 2F 0-1: Reached on error, E5 (Groundball, 56, EV 99.4 MPH)
|
|
Batting: RHB Chris Jones
|
0-0: Ball 1-0: Ball 2-0: Called Strike 2-1: Called Strike 2-2: Ball 3-2: Foul Ball, location: 2F 3-2: Foul Ball, location: 2F 3-2: Foul Ball, location: 2F 3-2: Base on Balls
|
|
Batting: RHB Herbert Loveless
|
0-0: Ball 1-0: Reached on error, E6 (Groundball, 6, EV 78.8 MPH) Immel Kamuzu to third Chris Jones to second
|
|
Batting: RHB Nate Allen
|
0-0: Ball 1-0: Ball 2-0: Ball 3-0: Base on Balls Immel Kamuzu scores Chris Jones to third Herbert Loveless to second
|
|
Batting: RHB Sebastian Fisk
|
0-0: GRAND SLAM HOME RUN (Flyball, 9D, EV 97.5 MPH), Distance : 373 ft
|
|
Batting: SHB Hank Arias
|
0-0: Ball 1-0: Swinging Strike 1-1: Ball 2-1: Ball 3-1: Base on Balls
|
|
Batting: RHB Austin Akers
|
0-0: Ball 1-0: Single, Error in OF, E8, batter to second base (Groundball, 6M, EV 103.8 MPH) Hank Arias to third
|
|
Batting: RHB Chris Norris
|
0-0: SINGLE (Line Drive, 34, EV 96.9 MPH) Hank Arias scores Austin Akers to third
|
|
Batting: RHB Richard Riggs
|
0-0: TRIPLE (Flyball, 78XD, EV 99.4 MPH) Austin Akers scores Chris Norris scores
|
|
Batting: RHB Immel Kamuzu
|
0-0: Foul Ball, location: 2F 0-1: Swinging Strike 0-2: Ball 1-2: Foul Ball, location: 2F 1-2: Fly out, F8 (Flyball, 89D, EV 105.0 MPH) Runner from 3rd tags up, SCORES, throw by CF
|
|
Batting: RHB Chris Jones
|
0-0: Called Strike 0-1: Ball 1-1: Ball 2-1: Ball 3-1: Foul Ball, location: 2F 3-2: Base on Balls
|
|
Batting: RHB Herbert Loveless
|
0-0: DOUBLE (Flyball, 8RXD, EV 107.5 MPH) Chris Jones to third
|
|
Batting: RHB Nate Allen
|
0-0: Ball 1-0: DOUBLE (Flyball, 8LXD, EV 112.5 MPH) Chris Jones scores Herbert Loveless scores
|
|
Batting: RHB Sebastian Fisk
|
0-0: Ground out U3 (Groundball, 3, EV 82.5 MPH) Nate Allen to third
|
|
Batting: SHB Hank Arias
|
0-0: Ground out 4-3 (Groundball, 4, EV 85.0 MPH)
|
| Top of the 9th over - 11 runs, 6 hits, 3 errors, 1 left on base; Johnson City 32 - Miami (APP) 6 |
| BOTTOM OF THE 9TH |
|
Miami (APP) Marlins batting - Pitching for Johnson City Cardinals : RHP Jim Vickers
|
|
Batting: RHB Jason Thrash
|
0-0: Ball 1-0: Ball 2-0: Ball 3-0: Called Strike 3-1: Swinging Strike 3-2: Base on Balls
|
|
Batting: RHB Keith Bennett
|
0-0: Ball 1-0: Ball 2-0: Ball 3-0: Base on Balls Jason Thrash to second
|
|
Batting: RHB Mario Cota
|
0-0: Foul Ball, location: 2F 0-1: Ball 1-1: Ball 2-1: Called Strike 2-2: Foul Ball, location: 2F 2-2: Foul Ball, location: 2F 2-2: Ball 3-2: Base on Balls Jason Thrash to third Keith Bennett to second
|
|
Batting: SHB Matt Moore
|
0-0: Ball 1-0: DOUBLE (Flyball, 8RXD, EV 105.0 MPH) Jason Thrash scores Keith Bennett scores Mario Cota to third
|
|
Batting: RHB Adrian Bocker
|
0-0: Ball 1-0: Called Strike 1-1: Swinging Strike 1-2: Ball 2-2: Foul Ball, location: 2F 2-2: Foul Ball, location: 2F 2-2: Ball 3-2: Strikes out looking
|
|
Batting: RHB Rick Knoblauch
|
0-0: Ball 1-0: Called Strike 1-1: Swinging Strike 1-2: Strikes out swinging
|
|
Batting: LHB Gavrilo Brkic
|
0-0: Ball 1-0: Ball 2-0: Swinging Strike 2-1: Called Strike 2-2: Foul Ball, location: 2F 2-2: Ball 3-2: Strikes out looking
|
| Bottom of the 9th over - 2 runs, 1 hit, 0 errors, 2 left on base; Johnson City 32 - Miami (APP) 8 |
|